Map: Moonlight Madness LE (Void)

Players

TOP

  • Race: Terran Terran
  • League: Master

whaleslapper - Winner!

  • Race: Terran Terran
  • League: Grandmaster

Event: Lycan League Weekly August #3

VOD

Have the link to the VOD?

Description

Time

  • Played on: Aug. 17, 2015, 1:13 p.m.
  • Length: 4:17

All games in this series

Show
View Real Time Build Order
Export as new Build Order

TOP Terran 

Build Orders: 1/1/1 

Get SALT Encoding   

  12  0:00  SCV  
  13  0:13  SCV  
  14  0:17  Supply Depot  
  14  0:25  SCV  
  15  0:39  SCV  
  15  0:41  Barracks  
  16  0:44  Refinery  
  16  0:51  SCV  
  16  0:54  Refinery  
  17  1:03  SCV  
  18  1:15  SCV  
  19  1:30  Orbital Command  
  19  1:33  Factory  
  19  1:41  Reaper  
  20  1:47  Supply Depot  
  20  1:58  SCV  
  21  2:10  SCV  
  22  2:17  Hellion  
  22  2:20  Starport  
  22  2:21  Reaper  
  25  2:29  Supply Depot  
  25  2:31  SCV  
  26  2:38  Hellion  
  27  2:53  Reaper  
  23  3:07  Widow Mine  
  22  3:22  Medivac  
  24  4:02  SCV  
Show
View Real Time Build Order
Export as new Build Order

whaleslapper Terran - Winner!

Build Orders:  

Get SALT Encoding   

  13  0:09  Supply Depot  
  12  0:17  SCV  
  13  0:29  SCV  
  14  0:39  Barracks  
  14  0:42  Refinery  
  14  0:46  SCV  
  15  0:59  Barracks  
  15  1:03  SCV  
  16  1:15  SCV  
  17  1:27  Barracks Tech Lab  
  17  1:29  Orbital Command  
  17  1:45  Concussive Shells, Marauder  
  19  1:47  Marine  
  20  1:55  Supply Depot  
  20  2:07  Marine, Marauder  
  23  2:16  Refinery  
  23  2:17  SCV  
  24  2:25  Marine  
  24  2:28  Marauder  
  27  2:32  Supply Depot  
  27  2:40  SCV, Bunker  
  28  2:45  Marine  
  28  3:00  Marauder  
  28  3:01  SCV  
  28  3:12  Factory  
  28  3:13  SCV, Marine  
  30  3:22  Marauder  
  30  3:25  SCV  
  33  3:37  SCV, Marine  
  35  3:43  Marauder  
  37  3:50  SCV, Supply Depot  
  38  3:59  Starport  
  38  4:02  SCV  

Tags
 
Add a new tag
Caveats
  • Supply blocks, unpowered buildings, or Contaminate may cause inaccurate times.
  • Supply counts are checked every 10 seconds.